 Dungeon Crawl Stone Soup version 0.29.0-15-g675c0067aa (webtiles) character file.

Game seed: 7606877139134951394

14 pacmanke6689 the Firebug (level 2, 0/24 HPs)
             Began as a Human Cinder Acolyte on Sept 11, 2022.
             Was a High Priest of Ignis.
             Slain by a jackal (2 damage)
             ... on level 1 of the Dungeon.
             The game lasted 00:01:20 (1068 turns).

pacmanke6689 the Firebug (Human Cinder Acolyte)     Turns: 1068, Time: 00:01:21

Health: 0/24       AC:  2    Str: 14    XL:     2   Next: 55%
Magic:  3/3        EV: 11    Int: 14    God:    Ignis [*****.]
Gold:   0          SH:  0    Dex:  8    Spells: 1/3 levels left

rFire   + . .      SeeInvis .   a - -1 falchion (flame)
rCold   . . .      Faith    .   (no shield)
rNeg    . . .      Spirit   .   b - +0 robe
rPois   .          Reflect  .   (no helmet)
rElec   .          Harm     .   (no cloak)
rCorr   .          Rampage  .   (no gloves)
Will    .....                   (no boots)
Stlth   +.........              (no amulet)
HPRegen 0.08/turn               (no ring)
MPRegen 0.08/turn               (no ring)

@: no status effects
A: no striking features
a: Renounce Religion, Fiery Armour, Foxfire Swarm, Rising Flame


You were on level 1 of the Dungeon.
You worshipped Ignis.
Ignis was extremely pleased with you.
You visited 1 branch of the dungeon, and saw 1 of its levels.

Inventory:

Hand Weapons
 a - a -1 falchion of flaming (weapon)
Armour
 b - a +0 robe (worn)
Potions
 c - a potion of curing {unknown}


   Skills:
 + Level 3.2 Fighting
 + Level 3.2 Long Blades
 + Level 1.0 Spellcasting
 + Level 3.3 Fire Magic


You had one spell level left.
You knew the following spells:

 Your Spells              Type           Power      Damage    Failure   Level
a - Scorch                Fire           20%        2d6       10%         2

Your spell library contained the following spells:

 Spells                   Type           Power      Damage    Failure   Level


Dungeon Overview and Level Annotations

Branches:
Dungeon (1/15)

Altars:

Shops:
D:1 :


Message History

The jackal barely misses you.
You barely miss the jackal.
The jackal is heavily wounded.
The jackal closely misses you.
The jackal bites you but does no damage.
You hit the jackal. You burn the jackal.
You kill the jackal!
The jackal bites you.
You hit the jackal but do no damage. The jackal barely misses you.
The jackal closely misses you.
You hit the jackal. You burn the jackal.
The jackal is heavily wounded.
The jackal barely misses you.
You completely miss the jackal.
The jackal is heavily wounded.
The jackal barely misses you. The jackal bites you.
You closely miss the jackal.
The jackal is heavily wounded.
The jackal closely misses you.
You completely miss the jackal.
The jackal is heavily wounded.
The jackal bites you. The jackal closely misses you.
You hit the jackal but do no damage.
The jackal is heavily wounded.
The jackal bites you.
The jackal bites you but does no damage.
You closely miss the jackal.
The jackal is heavily wounded.
The jackal bites you.
* * * LOW HITPOINT WARNING * * *
You hit the jackal but do no damage.
The jackal is heavily wounded.
The jackal barely misses you. The jackal bites you.
* * * LOW HITPOINT WARNING * * *
You hit the jackal but do no damage.
The jackal is heavily wounded.
The jackal bites you.
* * * LOW HITPOINT WARNING * * *
The jackal bites you.
You die...

#.# #.....## #.#
###.#.## #.#####.#.##
####...........
#.....####..... #
###.⌠.⌠.# ####.## ##.
#.......###.##.##
###...##.#..∩..##...#.##
.....rh@...............'
###...####.⌠.⌠.......#.#
#.. #......##.##.## #.
######.####### #. #.# #
#.### #...## ##.#..# #
#.....# #


You could see a jackal and a rat.

Vanquished Creatures
  3 endoplasms (D:1)
  2 giant cockroaches (D:1)
  A goblin (D:1)
  A hobgoblin (D:1)
  2 jackals (D:1)
  A ball python (D:1)
  A rat (D:1)
11 creatures vanquished.

Notes
Turn   | Place    | Note
-------+----------+-------------------------------------------
     0 | D:1      | pacmanke6689 the Human Cinder Acolyte began the quest for
                  | the Orb.
     0 | D:1      | Reached XP level 1. HP: 18/18 MP: 2/2
    10 | D:1      | Found Tiuproug's Vocational Training.
   791 | D:1      | Reached XP level 2. HP: 23/24 MP: 3/3
   794 | D:1      | Learned a level 2 spell: Scorch
  1068 | D:1      | Slain by a jackal

Illustrated notes

Levels and vault maps discovered:
D:1:      dpeg_arrival_tiny_d, layout_loops_corners, nicolae_shop_vocational

Action                   || total
-------------------------++-------
Melee: Falchion          ||    58
       Punch             ||     1
 Cast: Scorch            ||     2
Armor: Robe              ||    11
Dodge: Dodged            ||    35
